 Dungeon Crawl Stone Soup version 0.30-a0-782-ge64f9170bb (webtiles) character file.

Game seed: 1368516926228000149

217 Oxelix the Slasher (level 5, -1/48 HPs)
             Began as a Minotaur Fighter on Feb 18, 2023.
             Slain by an ogre
             ... wielding a +0 giant club
              (25 damage)
             ... on level 4 of the Dungeon.
             The game lasted 00:03:17 (2732 turns).

Oxelix the Slasher (Minotaur Fighter)               Turns: 2732, Time: 00:03:18

Health: -1/48      AC: 13    Str: 20    XL:     5   Next: 61%
Magic:  4/4        EV:  5    Int:  5    God:
Gold:   158        SH:  4    Dex: 12    Spells: 4/4 levels left

rFire   . . .      SeeInvis .    a - +0 long sword
rCold   . . .      Faith    .    c - +0 buckler
rNeg    + . .      Spirit   .    u - +0 plate armour
rPois   .          Reflect  .    (helmet restricted)
rElec   .          Harm     .    j - +0 cloak
rCorr   .          Rampage  .    (no gloves)
Will    .....                    p - +0 pair of boots Stlth
                                 (no amulet)
HPRegen 0.28/turn                h - ring of positive energy
MPRegen 0.09/turn                (no ring)

@: no status effects
A: horns 2, retaliatory headbutt
a: no special abilities


You were on level 4 of the Dungeon.
You visited 1 branch of the dungeon, and saw 4 of its levels.

You collected 158 gold pieces.

Inventory:

Hand Weapons
 a - a +0 long sword (weapon)
Armour
 b - a +0 scale mail
 c - a +0 buckler (worn)
 j - a +0 cloak (worn)
 p - a +0 pair of boots (worn)
 u - a +0 plate armour (worn)
Jewellery
 h - a ring of positive energy (left hand)
 o - a ring of positive energy
 s - a ring of willpower
 v - a ring of flight
Scrolls
 e - 3 scrolls of identify {unknown}
 l - 6 scrolls of teleportation {unknown}
 n - a scroll of fog {unknown}
 q - a scroll of vulnerability {unknown}
 t - a scroll of immolation {unknown}
Potions
 d - a potion of might
 f - a potion of cancellation {unknown}
 g - a potion of mutation {unknown}
 i - 2 potions of brilliance {unknown}
 k - 4 potions of curing {unknown}
 m - a potion of berserk rage {unknown}
 r - a potion of invisibility {unknown}
 w - a potion of heal wounds {unknown}
 x - a potion of resistance {unknown}


   Skills:
 + Level 5.3 Fighting
 * Level 6.0 Long Blades
 - Level 3.6 Armour
 - Level 3.6 Shields


You had 4 spell levels left.
You didn't know any spells.
Your spell library contained the following spells:

 Spells                   Type           Power      Damage    Failure   Level
 Apportation              Tloc           0%         N/A       100%        1
 Beastly Appendage        Tmut           0%         N/A       100%        1
 Necrotise                Necr           0%         1d4       100%        1
 Sandblast                Erth           0%         2d4       100%        1
 Summon Small Mammal      Summ           0%         N/A       100%        1
 Passwall                 Tmut/Erth      0%         N/A       100%        2
 Wereblood                Tmut           0%         N/A       100%        2
 Dazzling Flash           Conj/Hex       0%         N/A       100%        3
 Hailstorm                Conj/Ice       0%         3d3       100%        3
 Spider Form              Tmut/Pois      0%         N/A       100%        3
 Stone Arrow              Conj/Erth      0%         3d7       100%        3
 Ice Form                 Ice/Tmut       0%         N/A       100%        4
 Agony                    Necr           0%         N/A       100%        5
 Silence                  Hex/Air        0%         N/A       100%        5
 Simulacrum               Ice/Necr       0%         N/A       100%        6


Dungeon Overview and Level Annotations

Branches:
Dungeon (4/15)
 Temple: D:4-7

Altars:
Okawaru
Qazlal
Uskayaw

Shops:
D:3 :


Innate Abilities, Weirdness & Mutations

You have a pair of horns on your head.
You reflexively headbutt those who attack you in melee.


Message History

An orc comes into view. It is wielding a +0 whip.
An ogre comes into view. It is wielding a +0 giant club.
The ogre shouts!
The hobgoblin hits you but does no damage.
The orc hits you but does no damage. The orc attacks as you move away!
The orc hits you but does no damage.
You barely miss the hobgoblin.
The hobgoblin hits you but does no damage.
You slash the hobgoblin!
You kill the hobgoblin!
You see here a hobgoblin corpse.
You hit the orc. You headbutt the orc.
You kill the orc!
You barely miss the orc. The orc hits you with a +0 hand axe. x2
You slash the orc!
You kill the orc!
You hit the orc.
The orc is lightly wounded.
The orc hits you but does no damage.
You barely miss the orc.
The orc is lightly wounded.
The orc hits you but does no damage.
You slash the orc!
You kill the orc!
You hit the orc. You headbutt the orc.
The orc is heavily wounded.
The orc hits you but does no damage.
You slash the orc!
You kill the orc!
The ogre hits you with a +0 giant club!
You barely miss the ogre. You headbutt the ogre.
The ogre is lightly wounded.
You slash the ogre!
The ogre is heavily wounded.
The ogre hits you with a +0 giant club!
You hit the ogre but do no damage.
The ogre is heavily wounded.
The ogre hits you with a +0 giant club!!
Ouch! That really hurt!
You die...

.............#....#
............##....#
#>.............>..#
##........####....#
..#..#######.....#####
.....................#
..##.######.##.######
#.##.# ..##@# .####O#
...####.###
........?.#
#..........#
..........#
..........#
..........#
..........#


You could see an ogre.

Vanquished Creatures
  A scorpion (D:4)
  4 gnolls
  3 adders (D:4)
  3 dart slugs
  10 orcs
  8 ball pythons
  4 bats
  4 endoplasms
  5 giant cockroaches
  7 goblins
  8 hobgoblins
  2 jackals (D:4)
  5 kobolds
  2 quokkas (D:2)
  3 frilled lizards
  6 rats
75 creatures vanquished.

Notes
Turn   | Place    | Note
-------+----------+-------------------------------------------
     0 | D:1      | Oxelix the Minotaur Fighter began the quest for the Orb.
     0 | D:1      | Reached XP level 1. HP: 19/19 MP: 0/0
    92 | D:1      | Reached skill level 3 in Long Blades
    93 | D:1      | Reached XP level 2. HP: 27/27 MP: 1/1
   891 | D:2      | Reached XP level 3. HP: 33/33 MP: 2/2
  1185 | D:1      | Reached skill level 4 in Long Blades
  1281 | D:2      | Reached XP level 4. HP: 40/41 MP: 3/3
  1848 | D:3      | Found a stormy altar of Qazlal.
  1920 | D:3      | Reached skill level 5 in Long Blades
  1953 | D:3      | Found Soebar's Vocational Training.
  2476 | D:4      | Found an iron altar of Okawaru.
  2476 | D:4      | Found a hide-covered altar of Uskayaw.
  2519 | D:4      | Noticed a scorpion
  2530 | D:4      | Killed a scorpion
  2531 | D:4      | Reached skill level 5 in Fighting
  2531 | D:4      | Reached XP level 5. HP: 40/48 MP: 4/4
  2681 | D:4      | Reached skill level 6 in Long Blades
  2714 | D:4      | Noticed an ogre
  2732 | D:4      | Slain by an ogre

Illustrated notes

Levels and vault maps discovered:
D:1:      spicycebolla_green_bress_n_ham, layout_basic,
          nicolae_concentric_dashed_squares_mild,
          hangedman_abyss_or_decor_lesser_grid
D:2:      layout_basic, serial_bayou_crossing
D:3:      layout_basic, mainiacjoe_overflow_brackets, nicolae_shop_vocational
D:4:      layout_rooms, gammafunk_temple_overflow_statue,
          chequers_serial_rivers_large_b, amcnicky_mini_rare_corridor_liquid

Skill      XL: |  1  2  3  4  5 |
---------------+----------------+-----
Long Blades    | 3 4 5 6 |  6.0
Fighting       | 4 5 |  5.3
Armour         | |  3.6
Shields        | |  3.6

Action                     |  1- 3 |  4- 6 || total
---------------------------+-------+-------++-------
  Melee: Long sword        |    65 |   105 ||   170
         Headbutt          |     8 |    20 ||    28
 Armour: Scale mail        |    31 |    17 ||    48
         Plate armour      |       |    53 ||    53
  Dodge: Dodged            |    28 |    36 ||    64
  Block: Buckler           |    16 |    26 ||    42

Table legend: (Time is in decaauts)
 A = Elapsed time spent in this place.
 B = Non-inter-level travel time spent in this place.
 C = Inter-level travel time spent in this place.
 D = Time resting spent in this place.
 E = Time spent auto-exploring this place.
 F = Levels seen in this place.
 G = Mean time per level.
                   A        B        C        D        E       F      G
               +--------+--------+--------+--------+--------+-----+--------+
         Total |   2806 |   2724 |     82 |     83 |   2078 |   4 |  701.5 |
       Dungeon |   2806 |   2724 |     82 |     83 |   2078 |   4 |  701.5 |
               +--------+--------+--------+--------+--------+-----+--------+

Top non-repeatable levels by time:
     D:1: 932 daAuts
     D:2: 796 daAuts
     D:3: 769 daAuts
     D:4: 308 daAuts
